 Dungeon Crawl Stone Soup version bcrawl-1.34.4 (webtiles) character file.

Game seed: 7764436800174393285

459318 KristoblXynda the Cleaver (level 12, -1/100 HPs)
             Began as a Demonspawn Gladiator on Oct 31, 2021.
             Was the Champion of Okawaru.
             Slain by a vault guard
             ... wielding a +1 great sword of holy wrath
              (8 damage)
             ... on level 12 of the Dungeon.
             The game lasted 00:19:41 (11890 turns).

KristoblXynda the Cleaver (Demonspawn Gladiator)   Turns: 11890, Time: 00:19:41

Health: -1/100     AC: 15    Str: 22      XL:     12   Next: 57%
Magic:  15/15      EV: 17    Int: 10 (13) God:    Okawaru [******]
Gold:   394        SH:  0    Dex: 18      Spells: 11/11 levels left

rFire    + . .     SeeInvis +   D - +11 quarterstaff of the Enchanted Forest {drain, rC+ rN+ Str+3 Int+2}
rCold    + + .     Gourm    .   (shield currently unavailable)
rNeg     + + .     Faith    +   C - +1 scale mail of the Hare {*Drain +Blink rN+ SInv}
rPois    .         Spirit   .   (helmet restricted)
rElec    .         Reflect  .   u - scarf {rC+ rF+}
rCorr    +         Harm     .   j - +1 pair of gloves
MR       .....                  z - +2 pair of boots {Stlth++}
Stlth    ++........             w - amulet of faith
HPRegen  0.26/turn              s - +4 ring of dexterity
MPRegen  0.14/turn              n - ring of resist corrosion

@: about to teleport, corroded
A: horns 1, rugged brown scales 2, powered by death 1, spiny 1
a: Heroism, Finesse, Renounce Religion, Evoke Blink


You were on level 12 of the Dungeon.
You worshipped Okawaru.
Okawaru was exalted by your worship.
You were hungry.

You visited 2 branches of the dungeon, and saw 13 of its levels.
You also visited: Sewer and Bailey.

You collected 961 gold pieces.
You spent 567 gold pieces at shops.

Inventory:

Hand Weapons
 a - a +0 war axe
 D - the +11 quarterstaff of the Enchanted Forest (weapon) {drain, rC+ rN+ Str+3 Int+2}
   (You took it off a big kobold on level 7 of the Dungeon)

   A truly terrible weapon, it drains the life of those it strikes.
   It affects your strength (+3).
   It affects your intelligence (+2).
   It protects you from cold.
   It protects you from negative energy.
 K - the +1 quick blade of the Enchanted Forest {pierce, +Inv rC+ rN+++ Dex-2, unknown}
   (Okawaru gifted it to you on level 12 of the Dungeon)

   It will always inflict at least some extra damage.
   This minimum extra damage increases with your current reserve of magical
   power.
   It affects your dexterity (-2).
   It protects you from cold.
   It renders you almost immune to negative energy.
   It lets you turn invisible.
Missiles
 d - a throwing net (quivered) {=f}
Armour
 j - a +1 pair of gloves (worn)
 u - a scarf of resistance (worn)
 z - a +2 pair of boots of stealth (worn)
 C - the +1 scale mail of the Hare (worn) {*Drain +Blink rN+ SInv}
   (Okawaru gifted it to you on level 9 of the Dungeon)

   It protects you from negative energy.
   It lets you see invisible.
   It lets you blink.
   It causes draining when unequipped.
Jewellery
 n - a ring of resist corrosion (right hand)
 s - a +4 ring of dexterity (left hand)
 t - an uncursed ring of protection from fire
 v - an uncursed ring of positive energy
 w - an amulet of faith (around neck)
 A - an uncursed ring of see invisible
 G - a +4 amulet of reflection
Wands
 F - a wand of acid (15)
 J - a wand of paralysis (8)
Scrolls
 f - 3 scrolls of immolation
 h - a scroll of enchant armour
 o - 2 scrolls of remove curse
 p - a scroll of magic mapping
 y - 2 scrolls of amnesia
 E - 3 scrolls of teleportation
Potions
 b - a potion of invisibility
 c - 2 potions of flight
 g - 4 potions of curing
 i - 2 potions of berserk rage
 k - 2 potions of might
 l - 3 potions of brilliance
 m - 8 potions of mutation
 q - 3 potions of agility
 r - 5 potions of magic {unknown}
 H - a potion of ambrosia
 I - a potion of experience {unknown}
Comestibles
 e - 16 rations {!d}


   Skills:
 + Level 9.5 Fighting
 - Level 11.2 Axes
 + Level 2.5 Staves
 - Level 2.0 Throwing
 + Level 9.0 Armour
 + Level 9.5 Dodging
 - Level 4.0 Invocations
 - Level 4.0 Evocations


You had 11 spell levels left.
You didn't know any spells.
Your spell library contained the following spells:

 Spells                   Type           Power        Failure   Level  Hunger
 Animate Skeleton         Necr           N/A          65%         1    None
 Beastly Appendage        Tmut           #.....       65%         1    None
 Flame Tongue             Conj/Fire      #....        65%         1    None
 Pain                     Necr           #.....       65%         1    None
 Flaming Arrows           Chrm/Fire      #.......     78%         2    ####...
 Passwall                 Tmut/Erth      #.......     78%         2    ####...
 Sticks to Snakes         Tmut           #.......     78%         2    ####...
 Conjure Flame            Conj/Fire      #.......     95%         3    #####..
 Inner Flame              Hex/Fire       N/A          95%         3    #####..
 Spider Form              Tmut/Pois      #..          95%         3    #####..
 Vampiric Draining        Necr           #.........   95%         3    #####..
 Agony                    Necr           #.......     100%        4    ######.
 Animate Dead             Necr           N/A          100%        4    ######.
 Ice Form                 Ice/Tmut       #.......     100%        4    ######.
 Sticky Flame             Conj/Fire      #.......     100%        4    ######.
 Blade Hands              Tmut           #.........   100%        5    #######
 Dispel Undead            Necr           #.......     100%        5    #######
 Fireball                 Conj/Fire      #.........   100%        5    #######


Dungeon Overview and Level Annotations

Branches:
Dungeon (12/12)            Temple (1/1) D:7            Lair (0/6) D:8
    Orc (0/1) D:10
 Vaults: D:11-12     Depths: D:12

Altars:
Ashenzari
Cheibriados
Dithmenos
Elyvilon
Fedhas
Gozag
Hepliaklqana
Kikubaaqudgha
Lugonu
Makhleb
Nemelex Xobeh
Okawaru
Qazlal
Ru
Sif Muna
Trog
Uskayaw
Vehumet
Wu Jian
Xom
Yredelemnul
Zin
The Shining One

Shops:
D:6 =:=   D:9 :   D:11 [

Annotations:
D:8 2 transporters, comex's ghost, novice MiFi
D:10 2 transporters, exclusion: orange crystal statue


Innate Abilities, Weirdness & Mutations

You have a pair of small horns on your head.
You are mostly covered in rugged brown scales. (AC +2, +5% HP)
You regenerate a little health from kills.
You are partially covered in sharp spines.


Message History

The glowing orange brain looks frightened!
The vault guard looks frightened!
The brown ugly thing looks frightened!
The glowing orange brain pulsates.
No path to travel!
A hog comes into view.
The glowing orange brain blinks!
An orc is nearby!
As you read the scroll of teleportation, it crumbles to dust.
You feel strangely unstable.
An orb spider comes into view.
The orb spider changes into a blink frog!
The centaur warrior skeleton hits you but does no damage.
You thump the centaur warrior skeleton!
The centaur warrior skeleton is moderately damaged.
The centaur warrior skeleton is struck by your spines.
The centaur warrior skeleton hits you but does no damage.
The vault guard hits you with a +1 great sword of holy wrath!
* * * LOW HITPOINT WARNING * * *
You convulse!
You die...

############.)#+# #......
##.#.#.#.#.#.#.#.# #......
#.#.#.#.#.#.##.#.# #<..)..
#.#.#.#o#.#.#...# ####.#.)
#D#.#o#.#.###..####....)((
#.#.#o#$#.##..#.....#.#..
#.#Z#Z#.####.#.....#.#..
#.#.#F#p#...Q.....#.#..
#l#.#p#@#####.....[#.#..
######### #..##.##.##.
#...##.##.##.
#...##.##.### #....#.#
#....#.# #....#.# ##


You could see a vault guard, a blink frog shaped shifter, an orc warrior, an orc
and a centaur warrior skeleton.

Vanquished Creatures
  3 hydras (D:11)
  A centaur warrior (D:11)
  3 two-headed ogres
  A tengu warrior (D:11)
  An orc knight (Bailey)
  2 ugly things (D:11)
  A manticore (D:11)
  A cane toad (shapeshifter) (D:10)
  2 kobold demonologists (D:11)
  2 komodo dragons
  3 trolls
  A harpy skeleton (D:12)
  2 dream sheep (D:11)
  A meliai zombie (D:12)
  3 shadows (D:11)
  6 hippogriffs
  Eustachio (D:4)
  A wyvern (D:10)
  8 yaks
  The ghost of yrara the Skirmisher, an amateur DsFi (D:3)
  A hungry ghost (D:6)
  A crocodile (D:8)
  5 porcupines (D:8)
  A soldier ant (D:9)
  3 ice beasts
  3 sky beasts (D:8)
  2 eyes of draining (D:8)
  3 black bears
  7 orc warriors
  13 centaurs
  8 ogres
  2 phantoms
  2 bullfrogs
  9 big kobolds
  A wyvern zombie (D:9)
  3 scorpions (D:8)
  A water moccasin skeleton (D:6)
  5 jellies
  4 wights
  2 howler monkeys
  13 orc priests
  2 crimson imps
  3 quasits (D:3)
  3 centaur zombies
  5 centaur skeletons
  4 hounds
  A bullfrog skeleton (D:8)
  7 worker ants
  An iguana (D:9)
  11 orc wizards
  A hound skeleton (D:5)
  2 worker ant zombies
  15 gnolls
  15 adders
  4 river rats
  3 shadow imps
  9 oozes (D:4)
  2 worms
  7 dart slugs
  3 leopard geckos
  88 orcs
  A ball python (D:2)
  7 bats
  A giant cockroach (D:1)
  6 goblins
  15 hobgoblins
  15 jackals
  3 quokkas
  6 frilled lizards
  48 kobolds
  13 rats
434 creatures vanquished.

Vanquished Creatures (others)
  60 fungi
  37 plants
  9 toadstools (D:4)
106 creatures vanquished.

Grand Total: 540 creatures vanquished

Notes
Turn   | Place    | Note
-------+----------+-------------------------------------------
     0 | D:1      | KristoblXynda the Demonspawn Gladiator began the quest for
                  | the Orb.
     0 | D:1      | Reached XP level 1. HP: 18/18 MP: 1/1
   196 | D:1      | Gained mutation: You are partially covered in rugged brown
                  | scales. (AC +1, +3% HP) [demonic ancestry]
   196 | D:1      | Reached XP level 2. HP: 18/24 MP: 2/2
   343 | D:1      | Reached skill level 3 in Axes
   593 | D:1      | Gained mutation: You are mostly covered in rugged brown
                  | scales. (AC +2, +5% HP) [demonic ancestry]
   593 | D:1      | Reached XP level 3. HP: 24/30 MP: 3/3
  1408 | D:2      | Found a shimmering blue altar of Sif Muna.
  1628 | D:3      | Found a glowing drain.
  1639 | D:3      | Reached skill level 1 in Armour
  1639 | D:3      | Gained mutation: You have a pair of small horns on your
                  | head. [demonic ancestry]
  1639 | D:3      | Reached XP level 4. HP: 31/36 MP: 4/4
  1752 | Sewer    | Entered a sewer
  1963 | Sewer    | Noticed a big kobold
  1990 | Sewer    | Killed a big kobold
  1991 | Sewer    | Reached skill level 4 in Axes
  1991 | Sewer    | Gained mutation: You are partially covered in sharp spines.
                  | [demonic ancestry]
  1991 | Sewer    | Reached XP level 5. HP: 22/44 MP: 5/5
  2117 | Sewer    | Found a white marble altar of Elyvilon.
  2323 | D:3      | Found a transporter.
  2326 | D:3      | Noticed yrara's ghost (amateur DsFi)
  2451 | D:3      | Gained mutation: You regenerate a little health from kills.
                  | [demonic ancestry]
  2451 | D:3      | Reached XP level 6. HP: 28/50 MP: 6/6
  2759 | D:3      | Found a transporter.
  3078 | D:4      | Reached skill level 5 in Axes
  3078 | D:4      | Reached XP level 7. HP: 57/57 MP: 7/7
  3494 | D:4      | Found a shimmering blue altar of Sif Muna.
  3556 | D:4      | Noticed Eustachio
  3577 | D:4      | Killed Eustachio
  3578 | D:4      | Reached skill level 5 in Fighting
  3849 | D:4      | Reached skill level 6 in Axes
  3849 | D:4      | Reached XP level 8. HP: 47/65 MP: 8/8
  3992 | D:5      | Entered Level 5 of the Dungeon
  4186 | D:5      | Found a sparkling altar of Nemelex Xobeh.
  4186 | D:5      | Found an opulent altar of Gozag.
  4230 | D:5      | Found a corrupted altar of Lugonu.
  4351 | D:5      | Found a glowing golden altar of the Shining One.
  4531 | D:3      | Killed yrara's ghost
  4532 | D:3      | Reached skill level 5 in Dodging
  4867 | D:6      | Reached skill level 7 in Axes
  4974 | D:6      | Found Foraq's Book Emporium.
  5011 | D:6      | Found a white marble altar of Elyvilon.
  5228 | D:6      | Found Moiraige's Jewellery Emporium.
  5243 | D:6      | Bought an uncursed amulet of faith for 320 gold pieces
  5333 | D:6      | Noticed a hippogriff
  5344 | D:6      | Killed a hippogriff
  5345 | D:6      | Reached XP level 9. HP: 36/72 MP: 9/9
  5434 | D:6      | Found Xakk's Jewellery Shoppe.
  5447 | D:6      | Bought a cursed amulet of inaccuracy for 26 gold pieces
  5447 | D:6      | Bought an uncursed ring of see invisible for 221 gold
                  | pieces
  5594 | D:7      | Found a radiant altar of Vehumet.
  5864 | D:7      | Found a staircase to the Ecumenical Temple.
  5873 | Temple   | Entered the Ecumenical Temple
  5914 | Temple   | Became a worshipper of Warmaster Okawaru
  6295 | D:7      | Noticed a troll
  6320 | D:7      | Killed a troll
  6321 | D:7      | Reached skill level 8 in Axes
  6371 | D:7      | Identified the +11 quarterstaff of the Enchanted Forest
                  | {drain, rC+ rN+ Str+3 Int+2}
  6379 | D:7      | Reached skill level 5 in Armour
  6638 | D:7      | Reached * piety under Okawaru
  6746 | D:7      | Found a sacrificial altar of Ru.
  6945 | D:8      | Found a transporter.
  6950 | D:8      | Noticed comex's ghost (novice MiFi)
  6952 | D:8      | Noticed a six-headed hydra
  6960 | D:8      | Found a transporter.
  7098 | D:8      | Found a staircase to the Lair.
  7109 | D:8      | Reached ** piety under Okawaru
  7113 | D:8      | Reached XP level 10. HP: 27/82 MP: 10/10
  7117 | D:8      | Reached skill level 9 in Axes
  7288 | D:8      | Noticed a two-headed ogre
  7305 | D:8      | Killed a two-headed ogre
  7305 | D:8      | Reached *** piety under Okawaru
  7330 | D:8      | Reached **** piety under Okawaru
  7361 | D:8      | Reached skill level 10 in Axes
  7422 | D:8      | Got a dazzling quarterstaff
  7603 | D:8      | Found a hide-covered altar of Uskayaw.
  7743 | D:8      | Identified the cursed +3 quarterstaff of the Protecting
                  | Fulmar {crush, +Rage +Inv rPois rF-} (You found it on level
                  | 8 of the Dungeon)
  7915 | D:8      | Found a bloodstained altar of Trog.
  7922 | D:8      | Reached ***** piety under Okawaru
  7932 | D:8      | Reached skill level 1 in Invocations
  8265 | D:9      | Noticed a two-headed ogre
  8271 | D:9      | Killed a two-headed ogre
  8272 | D:9      | Reached XP level 11. HP: 52/91 MP: 10/12
  8357 | D:9      | Found Jeigag's Book Shop.
  8472 | D:9      | Received a gift from Okawaru
  8475 | D:9      | Got a transparent scale mail {god gift}
  8486 | D:9      | Identified the +1 scale mail of the Hare {*Drain +Blink rN+
                  | SInv} (Okawaru gifted it to you on level 9 of the Dungeon)
  8947 | D:9      | Found a basalt altar of Yredelemnul.
  9295 | D:10     | Entered Level 10 of the Dungeon
  9297 | D:10     | Found a transporter.
  9299 | D:10     | Noticed a tengu warrior
  9300 | D:10     | Noticed a brown ugly thing
  9303 | D:10     | Noticed a frost giant
  9303 | D:10     | Noticed an orange crystal statue
  9303 | D:10     | Noticed an orc knight
  9303 | D:10     | Noticed a fire giant
  9500 | D:10     | Reached skill level 1 in Evocations
  9768 | D:10     | Found a staircase to the Orcish Mines.
  9800 | D:10     | Found a transporter.
  9801 | D:10     | Identified the ring "Fiadd" {Fire +Fly rElec Str+5 Slay-5}
 10083 | D:10     | Noticed a harpy
 10083 | D:10     | a black mamba changed into a harpy
 10293 | D:10     | Noticed a swamp dragon
 10333 | D:10     | Noticed a fire crab
 10333 | D:10     | a swamp dragon changed into a fire crab
 10398 | D:11     | Noticed an eight-headed hydra
 10403 | D:11     | Killed an eight-headed hydra
 10445 | D:11     | Found Wahecyirgh's Antique Armour Boutique.
 10445 | D:11     | Noticed a white ugly thing
 10457 | D:11     | Killed a white ugly thing
 10491 | D:11     | Noticed a tengu warrior
 10502 | D:11     | Killed a tengu warrior
 10526 | D:11     | Noticed a four-headed hydra
 10532 | D:11     | Reached ****** piety under Okawaru
 10538 | D:11     | Killed a four-headed hydra
 10624 | D:11     | Reached skill level 11 in Axes
 10641 | D:11     | Found a flagged portal.
 10651 | Bailey   | Entered a bailey
 10858 | Bailey   | Noticed an orc knight
 10883 | Bailey   | Killed an orc knight
 10884 | Bailey   | Reached XP level 12. HP: 69/98 MP: 15/15
 11077 | D:11     | Noticed a centaur warrior
 11083 | D:11     | Killed a centaur warrior
 11083 | D:11     | Received a gift from Okawaru
 11407 | D:11     | Reached skill level 1 in Staves
 11440 | D:11     | Noticed a two-headed hydra
 11448 | D:11     | Killed a two-headed hydra
 11777 | D:12     | Entered Level 12 of the Dungeon
 11788 | D:12     | Received a gift from Okawaru
 11795 | D:12     | Got an ichor-stained quick blade {god gift}
 11821 | D:12     | Noticed a two-headed ogre
 11828 | D:12     | Killed a two-headed ogre
 11874 | D:12     | Noticed a vault guard
 11890 | D:12     | Slain by a vault guard

Skill      XL: |  1  2  3  4  5  6  7  8  9 10 11 12 |
---------------+-------------------------------------+-----
Throwing       | 2 |  2.0
Axes           | 3 4 5 6 7 8 10 11 | 11.2
Dodging        | 3 4 5 6 7 8 9 |  9.5
Armour         | 1 2 3 4 5 6 8 9 |  9.0
Fighting       | 4 5 6 7 8 9 |  9.5
Invocations    | 1 4 |  4.0
Evocations     | 4 |  4.0
Staves         | 2 |  2.5

Action                   |  1- 3 |  4- 6 |  7- 9 | 10-12 || total
-------------------------+-------+-------+-------+-------++-------
Melee: War axe           |   115 |   122 |   192 |       ||   429
       Headbutt          |       |    19 |    60 |   101 ||   180
       Quarterstaff      |       |       |    33 |   422 ||   455
Throw: Throwing net      |       |       |     1 |     1 ||     2
  Use: Scroll            |     5 |       |     4 |    18 ||    27
       Potion            |       |     2 |       |     5 ||     7
 Stab: Sleeping          |     1 |       |     3 |     6 ||    10
       Distracted        |       |       |       |     1 ||     1
  Eat: Chunk             |     6 |     9 |    13 |    25 ||    53
       Ration            |       |       |     2 |     1 ||     3
Armor: Leather armour    |     4 |       |       |       ||     4
       Ring mail         |    41 |    36 |   148 |    29 ||   254
       Skin              |       |    12 |       |       ||    12
       Chain mail        |       |       |       |    43 ||    43
       Scale mail        |       |       |       |   171 ||   171
Dodge: Dodged            |    75 |    59 |   241 |   464 ||   839
